omghax, neutral male scurrid Tourist ----- |.Z%| |..(W |.WZ| - |.W|Z |..... .@W.| - ----- omghax the Rambler Experience level: 1 Strength: 13 Dexterity: 9 Constitution: 14 Intelligence: 12 Wisdom: 10 Charisma: 17 Health: 2(9) Energy: 2(2) Def: 0 Gold: 447 Moves: 35 Dungeon seed: naib6FlQps6ZNo6X Game ID: omghax_1498611087 Your Inventory: Coins $ - 447 gold pieces Weapons a - 44 uncursed +2 darts (in quiver) Armor e - a blessed +0 Hawaiian shirt (being worn) Comestibles b - 3 uncursed eggs c - 5 uncursed food rations d - 2 uncursed cram rations f - an uncursed candy bar g - an uncursed chestnut h - an uncursed pancake i - an uncursed fortune cookie Scrolls k - a blessed scroll of magic mapping l - 3 uncursed scrolls of magic mapping s - an uncursed scroll of charging Potions j - 2 uncursed potions of extra healing Wands o - a blessed wand of secret door detection (0:11) q - an uncursed wand of polymorph (0:7) Tools m - an uncursed expensive camera (0:84) n - an uncursed credit card p - an uncursed leash Spells and supernatural/magical abilities: Name Level Category Fail Memory W - pray for help -- divine ? -- Your skills at the end: Miscellaneous Skills wands [Basic] Weapon Skills dart [Basic] Spellcasting Skills Final Attributes: You were devoutly aligned. You had infravision. You were very stealthy. You are dead. Vanquished creatures: a grid bug a lichen 2 creatures vanquished. Voluntary challenges: You went without food. You did not adorn yourself with jewelry or accessories. You did not cause conflict. You were not invisible. You did not have reflection. You were not displaced. You were an atheist. You never hit with a wielded weapon. You were a pacifist. You did not use tools. You did not use plumbed fixtures. You did not drink any magical draughts. You were illiterate. You never genocided any monsters. You never polymorphed an object. You never changed form. You used no wishes. You never split a pudding. You never wrote Elbereth's name. You never violated your personal moral code. Dungeon overview: The Dungeons of Doom: levels 1 to 15 Level 1 a long staircase Level 2 Level 3 Level 4 Level 5 Level 6 Level 7 a fountain Level 8 Level 9 Level 10 Level 11 Level 12 a fountain Level 13 Level 14 Level 15 <- You were here History has recorded: On T:1 you entered the Dungeons of Doom to retrieve the Amulet of Yendor! On T:4 you reached level 2 of The Dungeons of Doom. On T:7 you reached level 3 of The Dungeons of Doom. On T:9 you reached level 4 of The Dungeons of Doom. On T:11 you reached level 5 of The Dungeons of Doom. On T:13 you reached level 6 of The Dungeons of Doom. On T:16 you reached level 7 of The Dungeons of Doom. On T:18 you reached level 8 of The Dungeons of Doom. On T:20 you reached level 9 of The Dungeons of Doom. On T:22 you reached level 10 of The Dungeons of Doom. On T:26 you reached level 11 of The Dungeons of Doom. On T:28 you reached level 12 of The Dungeons of Doom. On T:31 you reached level 13 of The Dungeons of Doom. On T:33 you reached level 14 of The Dungeons of Doom. On T:35 you reached level 15 of The Dungeons of Doom. Score breakdown: Gold: 0 ( 0 points) Experience: 1 level ( 0 points) Exploration: 15 levels ( 420 points) Discoveries: 2 items ( 100 points) Variety of kills: 2 monsters ( 100 points) Major goal: (nothing yet) ( 0 points) Survival: died (score multiplied by 3) Total score: 1860 Latest messages: You dig a pit in the floor. You continue digging downward. You dig a hole through the floor. You fall through... You receive a faint telepathic message from Twoflower: Your help is urgently needed at Ankh-Morpork! Look for a ...ic transporter. You couldn't quite make out that last message. You start digging downward. You continue digging downward. You dig a pit in the floor. You continue digging downward. You dig a hole through the floor. You fall through... You start digging downward. You continue digging downward. You dig a pit in the floor. You continue digging downward. You dig a hole through the floor. You fall through... Run away! Run away! The wraith touches you! (2x) Final status: Aloha omghax the Tourist, drained of life by a wraith... You died in The Dungeons of Doom on dungeon level 15 with 1860 points, and 447 pieces of gold, after 35 moves. You were level 1 with a maximum of 9 hit points when you died.